 Dungeon Crawl Stone Soup version 0.15-a0-35-ga771cbd (webtiles) character file.

200 4tharraofdagon the Chopper (level 4, 1/38 HPs)
             Began as a Minotaur Gladiator on Apr 2, 2014.
             Quit the game on Level 5 of the Dungeon.
             The game lasted 00:03:23 (695 turns).

4tharraofdagon the Chopper (Minotaur Gladiator)      Turns: 695, Time: 00:03:23

HP   1/38        AC  8     Str 22      XL: 4   Next: 78%
MP   2/2         EV 16     Int  8      God:
Gold 78          SH  0     Dex 16      Spells:  0 memorised,  3 levels left

rFire  . . .     SeeInvis .     t - +0 war axe
rCold  . . .     Clarity  .     q - +2 ring mail of the Eternal Fruit {Str+3 Int+2}
rNeg   . . .     Conserve .     (no shield)
rPois  .         rCorr    .     c - +0 hat
rElec  .         rRot     .     (no cloak)
SustAb . .       Spirit   .     n - +0 pair of gloves
rMut   .         Warding  .     (no boots)
Saprov . . .     Stasis   .     (no amulet)
MR     .....                    (no ring)
                                (no ring)

@: agile, lethally poisoned, not resistant to hostile enchantments, fairly
stealthy
A: retaliatory headbutt, horns 2
a: no special abilities


You were on level 5 of the Dungeon.
You were not hungry.

You visited 1 branch of the dungeon, and saw 5 of its levels.

You collected 78 gold pieces.

Inventory:

Hand weapons
 a - a +0,+0 war axe
 t - a +0,+0 war axe (weapon)
Missiles
 d - 3 throwing nets (quivered)
Armour
 b - a +0 leather armour
 c - a +0 hat (worn)
 m - a +0 chain mail
 n - a +0 pair of gloves (worn)
 q - the cursed +2 ring mail of the Eternal Fruit (worn) {Str+3 Int+2}
   (You found it on level 4 of the Dungeon)

   It affects your strength (+3).
   It affects your intelligence (+2).
   It has a curse placed upon it.
Comestibles
 f - 3 bread rations
 u - a pear
Scrolls
 e - 3 scrolls of fear {unknown}
 h - a scroll of noise {unknown}
 i - 2 scrolls of identify {unknown}
 j - a scroll of remove curse {unknown}
 k - a scroll of immolation {unknown}
 o - 2 scrolls of teleportation {unknown}
 p - a scroll of enchant weapon I {unknown}
Jewellery
 l - an uncursed amulet of faith {unknown}
Potions
 g - 2 potions of agility
Magical staves
 r - an uncursed staff of wizardry


   Skills:
 + Level 3.4 Fighting
 * Level 5.5 Axes
 - Level 2.0 Throwing
 + Level 2.5 Armour
 - Level 3.2 Dodging


You had 3 spell levels left.
You didn't know any spells.

Dungeon Overview and Level Annotations

Branches:
Dungeon (5/15)
 Temple: D:4-7

Altars:


Innate Abilities, Weirdness & Mutations

You reflexively headbutt those who attack you in melee.
You have a pair of horns on your head.


Message History

You feel sick!
* * * LOW HITPOINT WARNING * * *
You feel sick!
Found a ring mail!
* * * LOW HITPOINT WARNING * * *
You feel sick!
Found a scroll labeled MNOCEFIKIKH!
* * * LOW HITPOINT WARNING * * *
You feel sick!
Found a blackened fluorescent wand!
* * * LOW HITPOINT WARNING * * *
You feel sick!
A hobgoblin comes into view! It is wielding a club!
* * * LOW HITPOINT WARNING * * *
You feel sick!
Unknown command!
* * * LOW HITPOINT WARNING * * *
You feel sick!
Unknown command!
Are you sure you want to abandon this character and quit the game? (Confirm with "yes"!)

## #####... #.......#
#.......# #.......#
##?......##
#.@....g...
####..........
#............ ######
#.....[../..#
.....#####...........#
#............######
#............#
#............#
#.).....######


You could see a hobgoblin.

Vanquished Creatures
  3 worker ants
  3 gnolls (D:2)
  An inept feature mimic (D:5)
  An ooze (D:2)
  An orc (D:3)
  3 bats
  A hobgoblin (D:1)
  A giant cockroach (D:1)
  2 giant newts (D:1)
  3 goblins
  2 quokkas
21 creatures vanquished.

Notes
Turn   | Place    | Note
--------------------------------------------------------------
     0 | D:1      | 4tharraofdagon, the Minotaur Gladiator, began the quest for the Orb.
     0 | D:1      | Reached XP level 1. HP: 18/18 MP: 1/1
   162 | D:2      | Reached skill level 4 in Axes
   247 | D:2      | Reached skill level 1 in Armour
   247 | D:2      | Reached XP level 2. HP: 12/25 MP: 1/1
   251 | D:2      | Reached XP level 3. HP: 10/30 MP: 2/2
   430 | D:4      | Got a faintly humming ring mail
   445 | D:4      | Identified the cursed +2 ring mail of the Eternal Fruit {Str+3 Int+2} (You found it on level 4 of the Dungeon)
   517 | D:3      | Reached skill level 5 in Axes
   517 | D:3      | Reached XP level 4. HP: 23/38 MP: 2/2
   647 | D:5      | Entered Level 5 of the Dungeon
   694 | D:5      | HP: 1/38 [poison (a potion of poison)]
   695 | D:5      | Quit the game

Action                   |  1- 3 |  4- 6 || total
-------------------------+-------+-------++-------
Melee: War axe           |    34 |    14 ||    48
Throw: Throwing net      |     2 |       ||     2
  Use: Potion            |       |     2 ||     2
 Stab: Held in net/web   |     1 |       ||     1
